TOP OF THE 1ST |
Myrtle Beach Mermen batting - Pitching for Chesapeake Continentals : RHP Ben Logan
|
Pitching: RHP Ben Logan
|
|
Batting: RHB Scott Peterson
|
0-0: Ball 1-0: Ball 2-0: Ball 3-0: Base on Balls
|
Batting: RHB José Caballero
|
0-0: Ball 1-0: Fielders Choice at 2nd, 4-6 (Groundball, 4)
|
Batting: SHB Orlando Deleón
|
0-0: Ball 1-0: Swinging Strike 1-1: Ball 2-1: SINGLE (Line Drive, 8RS) José Caballero to second Runner from 2nd tries for 3rd, SAFE, throw made to third
|
Batting: LHB Yannick Hendriksen
|
0-0: Ball 1-0: Called Strike 1-1: Ball 2-1: Fly out, F7 (Flyball, 78M) Runner from 3rd tags up, SCORES, no throw
|
Batting: LHB Eddie Flynn
|
0-0: Ball 1-0: Ball 2-0: Called Strike Orlando Deleón is caught stealing 2nd base
|
Top of the 1st over - 1 run(s), 1 hit(s), 0 error(s), 0 left on base; Myrtle Beach 1 - Chesapeake 0 |
BOTTOM OF THE 1ST |
Chesapeake Continentals batting - Pitching for Myrtle Beach Mermen : RHP Leonard Hall
|
Pitching: RHP Leonard Hall
|
|
Batting: RHB Gustavo Varela
|
0-0: DOUBLE (Line Drive, 8RS)
|
Batting: LHB Thomas Campbell
|
0-0: Fly out, F9 (Flyball, 9M)
|
Batting: LHB Jesús Pérez
|
0-0: Ball 1-0: Swinging Strike 1-1: Foul Ball, location: 2F 1-2: Ball 2-2: Foul Ball, location: 2F 2-2: 2-RUN HOME RUN (Flyball, 8RXD), Distance : 436 ft
|
Batting: RHB Brandon Reed
|
0-0: Called Strike 0-1: Foul Ball, location: 2F 0-2: Strikes out swinging
|
Batting: RHB Jonah Moody
|
0-0: Ball 1-0: Ball 2-0: Ball 3-0: Called Strike 3-1: Base on Balls
|
Batting: SHB Jesús Cabañe
|
0-0: Foul Ball, location: 2F 0-1: SINGLE (Flyball, 8LS) Jonah Moody to second
|
Batting: SHB Dominique Prost
|
0-0: Called Strike 0-1: Swinging Strike 0-2: Ground out 4-3 (Groundball, 4)
|
Bottom of the 1st over - 2 run(s), 3 hit(s), 0 error(s), 2 left on base; Myrtle Beach 1 - Chesapeake 2 |
TOP OF THE 2ND |
Myrtle Beach Mermen batting - Pitching for Chesapeake Continentals : RHP Ben Logan
|
Batting: LHB Eddie Flynn
|
0-0: Ball 1-0: Ball 2-0: Ball 3-0: Base on Balls
|
Batting: RHB Javier Robles
|
0-0: Ball 1-0: Fly out, F8 (Flyball, 8LD)
|
Batting: RHB Pil-joong Pak
|
0-0: Called Strike 0-1: Swinging Strike 0-2: Strikes out swinging
|
Batting: RHB Matt Love
|
0-0: Called Strike 0-1: Ball 1-1: SINGLE (Groundball, 4MD) Eddie Flynn to second
|
Batting: RHB Brian Soto
|
0-0: Called Strike 0-1: Fly out, F8 (Flyball, 8LS)
|
Top of the 2nd over - 0 run(s), 1 hit(s), 0 error(s), 2 left on base; Myrtle Beach 1 - Chesapeake 2 |
BOTTOM OF THE 2ND |
Chesapeake Continentals batting - Pitching for Myrtle Beach Mermen : RHP Leonard Hall
|
Batting: RHB Walter Hurlson
|
0-0: Ground out U3 (Groundball, 3S)
|
Batting: RHB Gil Nichols
|
0-0: Ball 1-0: Called Strike 1-1: Foul Ball, location: 2F 1-2: Ball 2-2: Strikes out looking
|
Batting: RHB Gustavo Varela
|
0-0: Ground out 6-3 (Groundball, 6)
|
Bottom of the 2nd over - 0 run(s), 0 hit(s), 0 error(s), 0 left on base; Myrtle Beach 1 - Chesapeake 2 |
TOP OF THE 3RD |
Myrtle Beach Mermen batting - Pitching for Chesapeake Continentals : RHP Ben Logan
|
Batting: RHB Scott Peterson
|
0-0: Ball 1-0: Ball 2-0: Foul Ball, location: 2F 2-1: SINGLE (Groundball, 56S)
|
Batting: RHB José Caballero
|
0-0: Ball 1-0: Called Strike 1-1: Ball 2-1: Foul Ball, location: 2F 2-2: Foul Ball, location: 2F 2-2: Foul Ball, location: 2F 2-2: Ball 3-2: Grounds into double play, 6-4-3 (Groundball, 6)
|
Batting: SHB Orlando Deleón
|
0-0: SINGLE (Flyball, 56D) - OUT at second base trying to stretch hit.
|
Top of the 3rd over - 0 run(s), 2 hit(s), 0 error(s), 0 left on base; Myrtle Beach 1 - Chesapeake 2 |
BOTTOM OF THE 3RD |
Chesapeake Continentals batting - Pitching for Myrtle Beach Mermen : RHP Leonard Hall
|
Batting: LHB Thomas Campbell
|
0-0: Swinging Strike 0-1: Foul Ball, location: 2F 0-2: Strikes out swinging
|
Batting: LHB Jesús Pérez
|
0-0: Ball 1-0: Ball 2-0: Swinging Strike 2-1: Called Strike 2-2: Ball 3-2: Ground out 6-3 (Groundball, 6M)
|
Batting: RHB Brandon Reed
|
0-0: Ball 1-0: Foul Ball, location: 2F 1-1: Ground out 6-3 (Groundball, 6)
|
Bottom of the 3rd over - 0 run(s), 0 hit(s), 0 error(s), 0 left on base; Myrtle Beach 1 - Chesapeake 2 |
TOP OF THE 4TH |
Myrtle Beach Mermen batting - Pitching for Chesapeake Continentals : RHP Ben Logan
|
Batting: LHB Yannick Hendriksen
|
0-0: Ball 1-0: Called Strike 1-1: Ball 2-1: Called Strike 2-2: Strikes out swinging
|
Batting: LHB Eddie Flynn
|
0-0: Foul Ball, location: 2F 0-1: Foul Ball, location: 2F 0-2: Ball 1-2: Ball 2-2: Foul Ball, location: 2F 2-2: Ball 3-2: DOUBLE (Line Drive, 89M)
|
Batting: RHB Javier Robles
|
0-0: Fly out, F9 (Flyball, 89S)
|
Batting: RHB Pil-joong Pak
|
0-0: Ball 1-0: Called Strike 1-1: Foul Ball, location: 2F 1-2: SINGLE (Line Drive, 6D) Eddie Flynn to third
|
Batting: RHB Matt Love
|
0-0: Ball 1-0: Fly out, F7 (Flyball, 7M)
|
Top of the 4th over - 0 run(s), 2 hit(s), 0 error(s), 2 left on base; Myrtle Beach 1 - Chesapeake 2 |
BOTTOM OF THE 4TH |
Chesapeake Continentals batting - Pitching for Myrtle Beach Mermen : RHP Leonard Hall
|
Batting: RHB Jonah Moody
|
0-0: Ball 1-0: Ball 2-0: Ball 3-0: Called Strike 3-1: Fly out, F7 (Flyball, 8LM)
|
Batting: SHB Jesús Cabañe
|
0-0: Called Strike 0-1: Ball 1-1: SINGLE (Line Drive, 6MD)
|
Batting: SHB Dominique Prost
|
0-0: Called Strike Jesús Cabañe steals 2nd base 0-1: Foul Ball, location: 2F 0-2: Foul Ball, location: 2F 0-2: Strikes out swinging
|
Batting: RHB Walter Hurlson
|
0-0: Ball 1-0: Foul Ball, location: 2F 1-1: Ball 2-1: Fly out, F9 (Flyball, 89M)
|
Bottom of the 4th over - 0 run(s), 1 hit(s), 0 error(s), 1 left on base; Myrtle Beach 1 - Chesapeake 2 |
TOP OF THE 5TH |
Myrtle Beach Mermen batting - Pitching for Chesapeake Continentals : RHP Ben Logan
|
Batting: RHB Brian Soto
|
0-0: Foul Ball, location: 2F 0-1: Ball 1-1: Fly out, F6 (Popup, 6M)
|
Batting: RHB Scott Peterson
|
0-0: Ball 1-0: Foul Ball, location: 2F 1-1: Foul Ball, location: 2F 1-2: Foul Ball, location: 2F 1-2: Foul Ball, location: 2F 1-2: Foul Ball, location: 2F 1-2: Foul Ball, location: 2F 1-2: Ball 2-2: Foul Ball, location: 2F 2-2: Foul Ball, location: 2F 2-2: Strikes out swinging
|
Batting: RHB José Caballero
|
0-0: Ball 1-0: Called Strike 1-1: Foul Ball, location: 2F 1-2: Strikes out looking
|
Top of the 5th over - 0 run(s), 0 hit(s), 0 error(s), 0 left on base; Myrtle Beach 1 - Chesapeake 2 |
BOTTOM OF THE 5TH |
Chesapeake Continentals batting - Pitching for Myrtle Beach Mermen : RHP Leonard Hall
|
Batting: RHB Gil Nichols
|
0-0: Ball 1-0: Swinging Strike 1-1: Called Strike 1-2: Ball 2-2: Strikes out swinging
|
Batting: RHB Gustavo Varela
|
0-0: Ball 1-0: Ball 2-0: Called Strike 2-1: Ground out 5-3 (Groundball, 56)
|
Batting: LHB Thomas Campbell
|
0-0: SINGLE (Line Drive, 78S)
|
Batting: LHB Jesús Pérez
|
0-0: Called Strike 0-1: Foul Ball, location: 2F 0-2: Strikes out swinging
|
Bottom of the 5th over - 0 run(s), 1 hit(s), 0 error(s), 1 left on base; Myrtle Beach 1 - Chesapeake 2 |
TOP OF THE 6TH |
Myrtle Beach Mermen batting - Pitching for Chesapeake Continentals : RHP Ben Logan
|
Batting: SHB Orlando Deleón
|
0-0: Ball 1-0: Called Strike 1-1: Swinging Strike 1-2: Strikes out looking
|
Batting: LHB Yannick Hendriksen
|
0-0: Foul Ball, location: 2F 0-1: Ground out 4-3 (Groundball, 4)
|
Batting: LHB Eddie Flynn
|
0-0: Called Strike 0-1: Fly out, F8 (Flyball, 8LM)
|
Top of the 6th over - 0 run(s), 0 hit(s), 0 error(s), 0 left on base; Myrtle Beach 1 - Chesapeake 2 |
BOTTOM OF THE 6TH |
Chesapeake Continentals batting - Pitching for Myrtle Beach Mermen : RHP Leonard Hall
|
Batting: RHB Brandon Reed
|
0-0: Called Strike 0-1: Ball 1-1: SINGLE (Groundball, 6D)
|
Batting: RHB Jonah Moody
|
0-0: Ball 1-0: Called Strike 1-1: Ball 2-1: Foul Ball, location: 2F 2-2: Ball 3-2: SINGLE (Line Drive, 89S) Brandon Reed to second Brandon Reed to third
|
Batting: SHB Jesús Cabañe
|
0-0: Ball 1-0: Fielders Choice at 2nd, 6-4 (Groundball, 6M) Brandon Reed scores
|
Batting: SHB Dominique Prost
|
0-0: Fly out, F9 (Flyball, 9LD)
|
Batting: RHB Walter Hurlson
|
0-0: Called Strike 0-1: Ground out 5-3 (Groundball, 56S)
|
Bottom of the 6th over - 1 run(s), 2 hit(s), 0 error(s), 1 left on base; Myrtle Beach 1 - Chesapeake 3 |
TOP OF THE 7TH |
Myrtle Beach Mermen batting - Pitching for Chesapeake Continentals : RHP Ben Logan
|
Batting: RHB Javier Robles
|
0-0: Ball 1-0: Ball 2-0: Foul Ball, location: 2F 2-1: SINGLE (Line Drive, 89M)
|
Batting: RHB Pil-joong Pak
|
0-0: Foul Ball, location: 2F 0-1: Foul Ball, location: 2F 0-2: Ball 1-2: Foul Ball, location: 2F 1-2: Ball 2-2: Strikes out looking
|
Batting: RHB Matt Love
|
0-0: Ball 1-0: Ball 2-0: Ball 3-0: Base on Balls Javier Robles to second
|
Pinch Hitting: RHB Edward Payne
|
0-0: Ball 1-0: SINGLE (Line Drive, 7LM) Javier Robles to third Matt Love to second
|
Pitching: RHP Andrew Webster
|
|
Pinch Hitting: RHB Álex Rodríguez
|
0-0: Foul Ball, location: 2F 0-1: Fly out, F2 (Popup, 3SF)
|
Pinch Hitting: SHB Avery Little
|
0-0: Ball 1-0: Ball 2-0: Called Strike 2-1: Called Strike 2-2: Strikes out swinging
|
Top of the 7th over - 0 run(s), 2 hit(s), 0 error(s), 3 left on base; Myrtle Beach 1 - Chesapeake 3 |
BOTTOM OF THE 7TH |
Chesapeake Continentals batting - Pitching for Myrtle Beach Mermen : RHP Leonard Hall
|
Now at 1B: Avery Little
|
|
Now in LF: Álex Rodríguez
|
|
Batting: RHB Gil Nichols
|
0-0: SINGLE (Line Drive, 4M)
|
Now at 3B: Otso Tuulari
|
|
Batting: RHB Gustavo Varela
|
0-0: Called Strike 0-1: Ball 1-1: Ball 2-1: Ball 3-1: Bunt missed! 3-2: Hit by Pitch Gil Nichols to second
|
Batting: LHB Thomas Campbell
|
0-0: Ball 1-0: Fly out, F9 (Flyball, 9LMF)
|
Batting: LHB Jesús Pérez
|
0-0: Ball 1-0: Foul Ball, location: 2F 1-1: Ball 2-1: Fly out, F8 (Flyball, 8RM)
|
Batting: RHB Brandon Reed
|
0-0: Fly out, F8 (Popup, 8LS)
|
Bottom of the 7th over - 0 run(s), 1 hit(s), 0 error(s), 2 left on base; Myrtle Beach 1 - Chesapeake 3 |
TOP OF THE 8TH |
Myrtle Beach Mermen batting - Pitching for Chesapeake Continentals : RHP Andrew Webster
|
Now at C: Tim Roberts
|
|
Now at SS: Billy Wilson
|
|
Batting: SHB Orlando Deleón
|
0-0: Ball 1-0: Ball 2-0: Called Strike 2-1: Ground out 6-3 (Groundball, 6M)
|
Batting: LHB Yannick Hendriksen
|
0-0: Called Strike 0-1: Swinging Strike 0-2: Strikes out swinging
|
Batting: LHB Eddie Flynn
|
0-0: Ball 1-0: Ball 2-0: Foul Ball, location: 2F 2-1: Foul Ball, location: 2F 2-2: Strikes out swinging
|
Top of the 8th over - 0 run(s), 0 hit(s), 0 error(s), 0 left on base; Myrtle Beach 1 - Chesapeake 3 |
BOTTOM OF THE 8TH |
Chesapeake Continentals batting - Pitching for Myrtle Beach Mermen : RHP Leonard Hall
|
Batting: RHB Billy Wilson
|
0-0: Called Strike 0-1: Ball 1-1: Ball 2-1: Called Strike 2-2: Fly out, F8 (Flyball, 8RM)
|
Pitching: LHP Dusty Muhidini
|
|
Batting: SHB Jesús Cabañe
|
0-0: Foul Ball, location: 2F 0-1: Ball 1-1: Foul Ball, location: 2F 1-2: Ball 2-2: Ground out U3 (Groundball, 3)
|
Batting: SHB Tim Roberts
|
0-0: Fly out, F6 (Line Drive, 4MS)
|
Bottom of the 8th over - 0 run(s), 0 hit(s), 0 error(s), 0 left on base; Myrtle Beach 1 - Chesapeake 3 |
TOP OF THE 9TH |
Myrtle Beach Mermen batting - Pitching for Chesapeake Continentals : RHP Andrew Webster
|
Pitching: RHP Carlos Guzmán
|
|
Batting: RHB Javier Robles
|
0-0: Foul Ball, location: 2F 0-1: Reached on Error, E9 (Flyball, 89M)
|
Pinch Hitting: RHB Pedro González
|
0-0: Foul Ball, location: 2F 0-1: Foul Ball, location: 2F 0-2: Ball 1-2: Ball 2-2: Ball 3-2: Foul Ball, location: 2F 3-2: Grounds into double play, 6-4-3 (Groundball, 6)
|
Batting: RHB Matt Love
|
0-0: Called Strike 0-1: Ball 1-1: Ball 2-1: Swinging Strike 2-2: SINGLE (Line Drive, 3D)
|
Pinch Hitting: SHB David Vázquez
|
0-0: Ball 1-0: Foul Ball, location: 2F 1-1: Ball 2-1: Ball 3-1: Swinging Strike 3-2: Fly out, F8 (Flyball, 8RM)
|
Top of the 9th over - 0 run(s), 1 hit(s), 1 error(s), 1 left on base; Myrtle Beach 1 - Chesapeake 3 |
|